 Dungeon Crawl Stone Soup version 0.29-a0-378-gc08b2e8bf8 (webtiles) character file.

Game seed: 14733992864316597429

814 asterach the Sneak (level 7, -3/37 HPs)
             Began as a Vine Stalker Monk on May 5, 2022.
             Slain by a lemure (6 damage)
             ... led by Pikel
             ... on level 5 of the Dungeon.
             The game lasted 00:08:55 (3263 turns).

asterach the Sneak (Vine Stalker Monk)              Turns: 3263, Time: 00:08:56

Health: -3/37      AC:  9    Str: 19    XL:     7   Next: 93%
Magic:  0/12       EV: 14    Int: 10    God:
Gold:   272        SH:  0    Dex: 18    Spells: 12/12 levels left

rFire   . . .      SeeInvis .   e - +2 dagger (speed)
rCold   . . .      Faith    .   (no shield)
rNeg    + . .      Spirit   +   r - +2 robe of Uskayaw's Vengeance {Str+5}
rPois   .          Reflect  .   (no helmet)
rElec   .          Harm     .   (no cloak)
rCorr   .          Rampage  .   (no gloves)
Will    .....                   k - +0 pair of boots
Stlth   +++.......              (no amulet)
HPRegen 0.92/turn               j - ring of positive energy
MPRegen 0.13/turn               y - +4 ring of protection

@: hasted, very quick
A: fangs 2, regeneration 1, magic shield, antimagic bite, no potion heal 2
a: no special abilities


You were on level 5 of the Dungeon.
You visited 1 branch of the dungeon, and saw 5 of its levels.

You collected 272 gold pieces.

Inventory:

Hand Weapons
 a - a +0 short sword
 e - a +2 dagger of speed (weapon)
Armour
 k - a +0 pair of boots (worn)
 r - the +2 robe of Uskayaw's Vengeance (worn) {Str+5}
   (You found it on level 2 of the Dungeon)

   Str:       It affects your strength (+5).
Jewellery
 j - a ring of positive energy (left hand)
 s - a ring of flight
 y - a +4 ring of protection (right hand)
Scrolls
 f - a scroll of enchant armour {unknown}
 i - 2 scrolls of immolation {unknown}
 l - 5 scrolls of identify
 m - 3 scrolls of enchant weapon {unknown}
 o - 2 scrolls of magic mapping {unknown}
 q - 9 scrolls of teleportation {unknown}
 t - a scroll of amnesia {unknown}
 w - a scroll of summoning {unknown}
 x - a scroll of blinking {unknown}
Potions
 b - a potion of haste
 c - a potion of ambrosia
 d - 3 potions of flight {unknown}
 g - 3 potions of degeneration {unknown}
 h - 3 potions of resistance {unknown}
 n - 2 potions of heal wounds {unknown}
 p - 2 potions of brilliance {unknown}
 u - a potion of attraction {unknown}
 v - a potion of curing {unknown}


   Skills:
 + Level 3.7 Fighting
 + Level 5.1 Short Blades
 + Level 3.8 Dodging
 + Level 5.8 Stealth
 * Level 3.2 Spellcasting


You had 12 spell levels left.
You didn't know any spells.
Your spell library contained the following spells:

 Spells                   Type           Power      Damage    Failure   Level
 Animate Skeleton         Necr           2%         N/A       28%         1
 Apportation              Tloc           2%         N/A       28%         1
 Summon Small Mammal      Summ           4%         N/A       28%         1


Dungeon Overview and Level Annotations

Branches:
Dungeon (5/15)
 Temple: D:4-7

Altars:
Ashenzari
Sif Muna

Annotations:
D:5 Pikel


Innate Abilities, Weirdness & Mutations

You have extremely sharp teeth.
Your natural rate of healing is unusually fast.
When hurt, damage is shared between your health and your magic reserves.
Your bite disrupts and absorbs the magic of your enemies.
Potions cannot restore your health.


Message History

Pikel is heavily wounded.
You hit Pikel. Your bite misses Pikel.
Pikel is heavily wounded.
Pikel hits you with a +1 whip of flaming.
Pikel burns you. The lemure hits you.
You barely miss Pikel. Your bite misses Pikel.
Pikel is heavily wounded.
You hit Pikel. Your bite misses Pikel.
Pikel is severely wounded.
You barely miss Pikel. You bite Pikel, but do no damage.
Pikel is severely wounded.
Pikel closely misses you. The lemure hits you.
* * * LOW HITPOINT WARNING * * *
You barely miss Pikel. Your bite misses Pikel.
Pikel is severely wounded.
You barely miss Pikel. You bite Pikel. You drain his power.
You feel invigorated.
Pikel is severely wounded.
You hit Pikel but do no damage.
Pikel is severely wounded.
The lemure misses you.
Pikel hits you with a +1 whip of flaming.
* * * LOW HITPOINT WARNING * * *
Pikel burns you.
* * * LOW HITPOINT WARNING * * *
You hit Pikel but do no damage. You bite Pikel, but do no damage.
Pikel is severely wounded.
You closely miss Pikel.
Pikel is severely wounded.
You hit Pikel but do no damage. Your bite misses Pikel.
Pikel is severely wounded.
Pikel hits you but does no damage. The lemure barely misses you.
You hit Pikel but do no damage.
Pikel is severely wounded.
You barely miss Pikel.
Pikel is severely wounded.
You hit Pikel. You bite Pikel, but do no damage.
Pikel is severely wounded.
Pikel hits you but does no damage. The lemure hits you!
You die...

##.....#
#.............#
#......##
#.............#
##.......##
##...........##
#.........#
#...........#
#.........##
##.........##
#....$.....#
#.........#
#...........##
##.......##
#............#
##......#
#..........@.#
#...<..#
..........$K5.#
#......#
##.............#
##.....#
##............#
#.....##
............#
###......## ###
#.........##
#....(....#
..####
##.......##
##.........#
...... ##......#
#........).#
###..
#..........#


You could see Pikel and a lemure.

Vanquished Creatures
  An ogre (D:5)
  3 lemures (D:5)
  2 phantoms
  A necrophage (D:4)
  3 scorpions
  2 jellies (D:5)
  2 hounds
  3 orc wizards
  6 adders
  3 dart slugs
  4 orcs
  7 ball pythons
  10 bats
  12 endoplasms
  2 giant cockroaches
  12 goblins
  5 hobgoblins
  3 jackals (D:2)
  5 kobolds
  6 quokkas
  4 frilled lizards
  7 rats
103 creatures vanquished.

Vanquished Creatures (others)
  A demonic plant (D:1)
1 creature vanquished.

Grand Total: 104 creatures vanquished

Notes
Turn   | Place    | Note
-------+----------+-------------------------------------------
     0 | D:1      | asterach the Vine Stalker Monk began the quest for the Orb.
     0 | D:1      | Reached XP level 1. HP: 11/11 MP: 2/2
   243 | D:1      | Reached XP level 2. HP: 16/16 MP: 3/3
   279 | D:1      | Found a faded altar of an unknown god.
   747 | D:1      | Reached XP level 3. HP: 19/19 MP: 4/4
  1354 | D:2      | Identified the +2 robe of Uskayaw's Vengeance {Str+5}
  1428 | D:2      | Gained mutation: Your natural rate of healing is unusually
                  | fast. [Vine Stalker growth]
  1428 | D:2      | Reached XP level 4. HP: 24/24 MP: 5/5
  2011 | D:3      | Reached skill level 1 in Spellcasting
  2075 | D:3      | Found a broken altar of Ashenzari.
  2267 | D:4      | Reached XP level 5. HP: 27/28 MP: 7/7
  2440 | D:4      | Reached XP level 6. HP: 31/32 MP: 9/9
  2547 | D:4      | Reached skill level 5 in Stealth
  2650 | D:4      | Found a shimmering blue altar of Sif Muna.
  2659 | D:4      | Reached XP level 7. HP: 30/36 MP: 9/11
  2738 | D:5      | Entered Level 5 of the Dungeon
  2816 | D:5      | Noticed Pikel
  3142 | D:5      | Reached skill level 5 in Short Blades
  3257 | D:5      | HP: 1/37 [Pikel/+1 whip of flaming (1)]
  3263 | D:5      | Slain by a lemure

Illustrated notes

Levels and vault maps discovered:
D:1:      dpeg_arrival_rhombi, layout_basic, shapermc_ecumenical_altar_gd
D:2:      cheibrodos_greedy_goblins, layout_loops_ring
D:3:      layout_rooms, ashenzari_conservatory_becter
D:4:      layout_rooms, kennysheep_orc_sif_temple
D:5:      layout_cave_pods, minmay_pentangle, uniq_pikel

Skill      XL: |  1  2  3  4  5  6  7 |
---------------+----------------------+-----
Short Blades   | 3 4 5 |  5.1
Fighting       | 3 |  3.7
Stealth        | 3 4 5 |  5.8
Spellcasting   | 1 2 3 |  3.2
Dodging        | 3 |  3.8

Action                   |  1- 3 |  4- 6 |  7- 9 || total
-------------------------+-------+-------+-------++-------
Melee: Short sword       |    12 |       |       ||    12
       Bite              |    22 |    46 |    40 ||   108
       Dagger            |    94 |   140 |   124 ||   358
       Punch             |     2 |     1 |     2 ||     5
  Use: Scroll            |       |       |     1 ||     1
       Potion            |       |       |     1 ||     1
 Stab: Sleeping          |     9 |    11 |     2 ||    22
       Distracted        |     1 |       |       ||     1
Armor: Robe              |    17 |    16 |    18 ||    51
Dodge: Dodged            |    62 |    55 |    46 ||   163

Table legend: (Time is in decaauts)
 A = Elapsed time spent in this place.
 B = Non-inter-level travel time spent in this place.
 C = Inter-level travel time spent in this place.
 D = Time resting spent in this place.
 E = Time spent auto-exploring this place.
 F = Levels seen in this place.
 G = Mean time per level.
                   A        B        C        D        E       F      G
               +--------+--------+--------+--------+--------+-----+--------+
         Total |   3095 |   2966 |    129 |     10 |   2308 |   5 |  619.0 |
       Dungeon |   3095 |   2966 |    129 |     10 |   2308 |   5 |  619.0 |
               +--------+--------+--------+--------+--------+-----+--------+

Top non-repeatable levels by time:
     D:1: 1111 daAuts
     D:2: 662 daAuts
     D:5: 462 daAuts
     D:4: 447 daAuts
     D:3: 410 daAuts
